 Dungeon Crawl Stone Soup version 0.28.0-53-g5a82cb258f (webtiles) character file.

Game seed: 1824063962856943219

7 hawla the Firebug (level 1, 0/7 HPs)
             Began as a Felid Fire Elementalist on June 6, 2022.
             Slain by a quokka (3 damage)
             ... on level 1 of the Dungeon.
             The game lasted 00:00:53 (426 turns).

hawla the Firebug (Felid Fire Elementalist)          Turns: 426, Time: 00:00:54

Health: 0/7        AC:  1    Str:  4    XL:     1   Next: 91%
Magic:  1/4        EV: 17    Int: 16    God:
Gold:   6          SH:  0    Dex: 16    Spells: 3/4 levels left
                                        Lives:  0   Deaths: 0

rFire   . . .      SeeInvis +   (weapon unavailable)
rCold   . . .      Faith    .   (shield unavailable)
rNeg    . . .      Spirit   .   (armour unavailable)
rPois   .          Reflect  .   (helmet unavailable)
rElec   .          Harm     .   (cloak unavailable)
rCorr   .          Rampage  .   (gloves unavailable)
Will    .....                   (boots unavailable)
Stlth   ++........              (no amulet)
HPRegen 0.02/turn               (no ring)
MPRegen 0.09/turn               (no ring)

@: quick
A: very small, claws 1, fangs 3, see invisible, speed 1, shaggy fur 1, stealthy
paws, no weapons or thrown items, no armour, multi-lived
a: no special abilities


You were on level 1 of the Dungeon.
You visited 1 branch of the dungeon, and saw 1 of its levels.

You collected 6 gold pieces.

Inventory:

Scrolls
 a - a scroll of fog {unknown}
Potions
 b - a potion of brilliance {unknown}


   Skills:
 + Level 2.6 Dodging
 + Level 3.0 Stealth
 + Level 2.0 Spellcasting
 + Level 0.8 Conjurations
 + Level 3.1 Fire Magic


You had 3 spell levels left.
You knew the following spells:

 Your Spells              Type           Power      Damage    Failure   Level
a - Foxfire               Conj/Fire      28%        2x1d5     10%         1

Your spell library contained the following spells:

 Spells                   Type           Power      Damage    Failure   Level
 Scorch                   Fire           22%        2d6       9%          2
 Conjure Flame            Conj/Fire      7%         6-21      28%         3
 Inner Flame              Hex/Fire       6%         N/A       32%         3
 Flame Wave               Conj/Fire      7%         2d5       67%         4


Dungeon Overview and Level Annotations

Branches:
Dungeon (1/15)

Altars:


Innate Abilities, Weirdness & Mutations

You have sharp claws.
You have razor-sharp teeth.
You have supernaturally acute eyesight. (SInv)
You cover ground quickly. (Speed+)
You are covered in fur. (AC +1)
Your paws help you pounce on unaware monsters.
You are incapable of wielding weapons or throwing items.
You cannot wear armour.
You gain extra lives every three experience levels.


Message History

You conjure some foxfire!
The bat closely misses you.
A hobgoblin comes into view.
The foxfire hits the bat.
You kill the bat!
Your Stealth skill increases to level 3!
You conjure some foxfire!
The hobgoblin shouts!
A quokka comes into view.
The foxfire hits the hobgoblin.
The hobgoblin is moderately wounded.
A goblin comes into view. It is wielding a +0 club.
Casting: Foxfire (safe; 10% risk of failure)
Confirm with . or Enter, or press ? or * to list all spells.
You conjure some foxfire!
The foxfire hits the goblin.
The goblin is moderately wounded.
The foxfire hits the goblin.
The goblin is almost dead.
Unknown command.
You conjure some foxfire!
The foxfire hits the goblin.
You kill the goblin!
A goblin comes into view. It is wielding a +0 club.
The foxfire hits the quokka.
The quokka is lightly wounded.
The foxfire hits the quokka.
The quokka is moderately wounded.
The foxfire hits the quokka but does no damage.
The quokka is moderately wounded.
You see here a lumpy cyan potion.
b - a lumpy cyan potion The quokka bites you.
Ouch! That really hurt!
* * * LOW HITPOINT WARNING * * *
The quokka bites you.
You die...

#........#.#..#.#
#g.###...#.#..#.##
#g.......#.####...
#.>...#..#.# ####
########.#...#..#........
.........(...#..# ######
#######.######... #
#########r##### .... #
#.........@...# .#### .
#.............# .# #
#..###'#####..#
#.......#..# #.......#
... +.......# .###
#...<...# # #.......#
#.......+


You could see a quokka.

Vanquished Creatures
  A bat (D:1)
  2 goblins (D:1)
  2 kobolds (D:1)
  2 frilled lizards (D:1)
7 creatures vanquished.

Vanquished Creatures (others)
  13 foxfires (D:1)
13 creatures vanquished.

Grand Total: 20 creatures vanquished

Notes
Turn   | Place    | Note
-------+----------+-------------------------------------------
     0 | D:1      | hawla the Felid Fire Elementalist began the quest for the
                  | Orb.
     0 | D:1      | Reached XP level 1. HP: 7/7 MP: 4/4
   426 | D:1      | Slain by a quokka

Illustrated notes

Levels and vault maps discovered:
D:1:      lemuel_arrival_room, layout_basic, serial_shops, nicolae_shop_trees

Skill      XL: |  1 |
---------------+----+-----
Fire Magic     | 3 |  3.1
Stealth        | 3 |  3.0
Dodging        | |  2.6
Spellcasting   | |  2.0
Conjurations   | |  0.8

Action                   || total
-------------------------++-------
Melee: Unarmed           ||     8
 Cast: Foxfire           ||     7
 Stab: Sleeping          ||     1
Armor: Skin              ||     1
Dodge: Dodged            ||    12
